 Dungeon Crawl Stone Soup version 0.25.1-2-g60ff931df9 (webtiles) character file.

Game seed: 7154799509936223320

40 nikku the Chiller (level 3, -5/19 HPs)
             Began as a Deep Elf Ice Elementalist on Dec 7, 2020.
             Slain by a bullfrog skeleton (7 damage)
             ... on level 2 of the Dungeon.
             The game lasted 00:02:39 (1457 turns).

nikku the Chiller (Deep Elf Ice Elementalist)       Turns: 1457, Time: 00:02:39

Health: -5/19      AC:  3    Str:  6    XL:     3   Next: 30%
Magic:  3/10       EV: 13    Int: 19    God:
Gold:   72         SH:  0    Dex: 15    Spells: 8/9 levels left

rFire    . . .     SeeInvis .   g - +1 long sword
rCold    . . .     Gourm    .   (no shield)
rNeg     . . .     Faith    .   a - +1 robe
rPois    .         Spirit   .   (no helmet)
rElec    .         Reflect  .   (no cloak)
rCorr    .         Harm     .   (no gloves)
MR       .....                  (no boots)
Stlth    ++........             (no amulet)
HPRegen  0.06/turn              (no ring)
MPRegen  0.12/turn              (no ring)

@: no status effects
A: no striking features
a: no special abilities


You were on level 2 of the Dungeon.
You were not hungry.

You visited 1 branch of the dungeon, and saw 2 of its levels.

You collected 72 gold pieces.

Inventory:

Hand Weapons
 g - a +1 long sword (weapon)
Missiles
 f - 17 poisoned darts (quivered)
Armour
 a - a +1 robe (worn)
 b - a cursed +0 leather armour
 k - a +2 ring mail of poison resistance
Jewellery
 e - an uncursed ring of fire {unknown}
 h - an uncursed ring of protection from fire {unknown}
 p - an uncursed ring of protection from magic {unknown}
Scrolls
 j - a scroll of enchant armour
 m - a scroll of fear {unknown}
 n - a scroll of fog {unknown}
 o - a scroll of identify {unknown}
Potions
 i - a potion of might {unknown}
 l - a potion of curing {unknown}
 q - a potion of brilliance {unknown}
Comestibles
 c - 5 rations
 d - 2 chunks of flesh


   Skills:
 + Level 3.3 Dodging
 - Level 2.4 Stealth
 + Level 3.9 Spellcasting
 + Level 4.8 Ice Magic


You had 8 spell levels left.
You knew the following spells:

 Your Spells              Type           Power        Failure   Level  Hunger
a - Freeze                Ice            ###.         1%          1    None

Your spell library contained the following spells:

 Spells                   Type           Power        Failure   Level  Hunger
 Frozen Ramparts          Ice            ###...       5%          3    ###....
 Ozocubu's Armour         Chrm/Ice       ##......     16%         3    ###....
 Hailstorm                Conj/Ice       ##......     45%         4    ####...
 Summon Ice Beast         Ice/Summ       ##......     45%         4    ####...


Dungeon Overview and Level Annotations

Branches:
Dungeon (2/15)

Altars:


Message History

Aiming: Freeze (safe; 1% risk of failure)
Press: ? - help, Shift-Dir - straight line, f - bullfrog skeleton
Aim: a bullfrog skeleton (lightly damaged)
The bullfrog skeleton resists.
You freeze the bullfrog skeleton.
The bullfrog skeleton is lightly damaged.
The bullfrog skeleton barely misses you.
You riposte.
You completely miss the bullfrog skeleton.
The bullfrog skeleton is lightly damaged.
The bullfrog skeleton closely misses you.
Casting: Freeze (safe; 1% risk of failure)
Confirm with . or Enter, or press ? or * to list all spells.
Aiming: Freeze (safe; 1% risk of failure)
Press: ? - help, Shift-Dir - straight line, f/p - bullfrog skeleton
Aim: a bullfrog skeleton (lightly damaged)
The bullfrog skeleton resists.
You freeze the bullfrog skeleton.
The bullfrog skeleton is lightly damaged.
The bullfrog skeleton closely misses you.
The bullfrog skeleton hits you!
You die...

#....# #.....#.......#.#
#.#..###.....#.###>....#
..#..........#.....#.###
#####.##.....#.##....#
..#...##.....#.##.##.#
..#.##########.......#
....# ####.#### .####
##########.# .#
......†.Z@.# .#
....######## .. # ##


You could see a bullfrog skeleton.

Vanquished Creatures
  An ooze (D:1)
  A worm (D:2)
  A dart slug (D:2)
  2 leopard geckos (D:1)
  A ball python (D:1)
  2 bats (D:1)
  3 giant cockroaches (D:2)
  5 goblins
  3 hobgoblins
  2 frilled lizards
  4 kobolds
  2 rats
27 creatures vanquished.

Notes
Turn   | Place    | Note
-------+----------+-------------------------------------------
     0 | D:1      | nikku the Deep Elf Ice Elementalist began the quest for the
                  | Orb.
     0 | D:1      | Reached XP level 1. HP: 10/10 MP: 6/6
   398 | D:1      | You fall into a shaft and drop 1 floor!
   459 | D:1      | Reached XP level 2. HP: 15/15 MP: 6/8
  1199 | D:2      | Reached XP level 3. HP: 19/19 MP: 8/10
  1457 | D:2      | Slain by a bullfrog skeleton

Illustrated notes

Levels and vault maps discovered:
D:1:      dpeg_arrival_windows_large_door, layout_loops_corners
D:2:      lemuel_upstairs_altar, layout_loops_cross

Skill      XL: |  1  2 |
---------------+-------+-----
Dodging        | 3 |  3.3
Stealth        | |  2.4
Spellcasting   | |  3.9
Ice Magic      | |  4.8

Action                   || total
-------------------------++-------
Melee: Hand axe          ||     1
       Long sword        ||     1
 Cast: Freeze            ||    46
  Use: Scroll            ||     3
  Eat: Chunk             ||     1
Armor: Robe              ||     6
Dodge: Dodged            ||    23
       Rpst.: Long sword ||     2
